 Dungeon Crawl Stone Soup version 0.28-a0-595-g9f6c0e134a (webtiles) character file.

Game seed: 12884085432589769479

2709 robertstho the Thaumaturge (level 9, -25/59 HPs)
             Began as a Djinni Fire Elementalist on Oct 1, 2021.
             Was an Initiate of Gozag.
             Killed from afar by an orc warrior (46 damage)
             ... with a bolt of acid
             ... on level 7 of the Dungeon on Oct 4, 2021.
             The game lasted 00:14:10 (10291 turns).

robertstho the Thaumaturge (DjFE)                  Turns: 10291, Time: 00:14:11

Health: -25/59     AC:  2    Str:  7    XL:     9   Next: 98%
Gold:   337        EV: 14    Int: 20    God:    Gozag SH:  0 Dex: 20

rFire   + + +      SeeInvis .   s - +2 dagger (venom)
rCold   x . .      Faith    .   (no shield)
rNeg    . . .      Spirit   .   (no armour)
rPois   ∞          Reflect  .   (no helmet)
rElec   .          Harm     .   w - +0 cloak
rCorr   .          Rampage  .   v - +0 pair of gloves
Will    .....                   (boots unavailable)
Stlth   +++.......              (no amulet)
HPRegen 0.19/turn               d - ring of protection from fire
MPRegen 0.00/turn               h - +6 ring of dexterity

@: flying
A: sickness immunity, fire resistance 2, cold vulnerability 1, float, innate
caster, hp casting, extra vitality 1
a: Renounce Religion, Potion Petition, Call Merchant, Bribe Branch


You were on level 7 of the Dungeon.
You worshipped Gozag.
Gozag was aware of your devotion.
You visited 2 branches of the dungeon, and saw 8 of its levels.

You collected 415 gold pieces.
You paid 78 gold pieces to Gozag.

Inventory:

Hand Weapons
 s - a +2 dagger of venom (weapon)
Missiles
 q - 2 throwing nets
Armour
 a - a +0 robe
 p - a +1 robe of willpower
 v - a +0 pair of gloves (worn)
 w - a +0 cloak (worn)
Jewellery
 d - a ring of protection from fire (left hand)
 h - a +6 ring of dexterity (right hand)
 r - a ring of ice
Wands
 u - a wand of paralysis (13)
Scrolls
 j - a scroll of noise {unknown}
 k - 2 scrolls of fear {unknown}
 l - 2 scrolls of teleportation
 n - a scroll of blinking
 y - a scroll of enchant armour {unknown}
Potions
 b - 2 potions of resistance {unknown}
 c - a potion of berserk rage {unknown}
 e - 2 potions of heal wounds {unknown}
 f - 2 potions of flight {unknown}
 g - 2 potions of might
 i - a potion of attraction {unknown}
 m - a potion of lignification {unknown}
 o - a potion of brilliance {unknown}
 t - a potion of haste {unknown}
 x - a potion of curing
 z - a potion of magic {unknown}


   Skills:
 + Level 2.4 Fighting
 + Level 3.9 Dodging
 + Level 3.4 Stealth
 + Level 9.4 Spellcasting


You had 4 spell levels left.
You knew the following spells:

 Your Spells              Type           Power      Damage    Failure   Level
a - Foxfire               Conj/Fire      100%       2x1d9     1%          1
b - Scorch                Fire           94%        2d9       1%          2
c - Conjure Flame         Conj/Fire      47%        6-21      1%          3
d - Inner Flame           Hex/Fire       47%        N/A       1%          3
e - Flame Wave            Conj/Fire      47%        3d9       1%          4
f - Summon Small Mammal   Summ           100%       N/A       1%          1
g - Corpse Rot            Necr/Air       N/A        N/A       1%          2
h - Static Discharge      Conj/Air       47%        N/A       1%          2
i - Cause Fear            Hex            23%        N/A       1%          4
Your spell library was empty.

Dungeon Overview and Level Annotations

Branches:
Dungeon (7/15)             Temple (1/1) D:6

Altars:
Ashenzari
Cheibriados
Dithmenos
Elyvilon
Fedhas
Gozag
Hepliaklqana
Kikubaaqudgha
Makhleb
Nemelex Xobeh
Okawaru
Qazlal
Ru
Sif Muna
Trog
Uskayaw
Vehumet
Wu Jian
Yredelemnul
Zin
The Shining One

Annotations:
D:3 Terence


Innate Abilities, Weirdness & Mutations

You are immune to sickness and miasma.
You are immune to poison.
Your flesh is very heat resistant. (rF++)
You are vulnerable to cold. (rC-)
You float through the air rather than walking.
You learn spells naturally, not from books.
Your magical power is your life essence.
You have superior vitality. (+4 HP)


Message History

Casting: Foxfire (safe; 1% risk of failure)
Press: ? - help, Q - select action, (/) - cycle Dir - look around, f - activate You conjure some foxfire!
The foxfire hits the orc warrior but does no damage.
The orc warrior is lightly wounded.
The foxfire hits the orc warrior.
The orc warrior is moderately wounded.
Casting: Foxfire (safe; 1% risk of failure)
Press: ? - help, Q - select action, (/) - cycle Dir - look around, f - activate You conjure some foxfire!
The foxfire hits the orc warrior but does no damage.
The orc warrior is moderately wounded.
The foxfire hits the orc warrior but does no damage.
The orc warrior is moderately wounded.
The foxfire hits the orc warrior but does no damage.
The orc warrior is moderately wounded.
Casting: Foxfire (safe; 1% risk of failure)
Press: ? - help, Q - select action, (/) - cycle Dir - look around, f - activate You conjure some foxfire!
The foxfire hits the orc warrior.
The orc warrior is heavily wounded.
The foxfire hits the orc warrior.
The orc warrior is heavily wounded.
A centaur zombie comes into view.
Casting: Foxfire (safe; 1% risk of failure)
Press: ? - help, Q - select action, (/) - cycle Dir - look around, f - activate You conjure some foxfire!
The foxfire hits the orc warrior.
The orc warrior is heavily wounded.
The foxfire hits the orc warrior.
The orc warrior is severely wounded.
Casting: Foxfire (safe; 1% risk of failure)
Press: ? - help, Q - select action, (/) - cycle Dir - look around, f - activate You conjure some foxfire!
The foxfire hits the orc warrior but does no damage.
The orc warrior is severely wounded.
The orc warrior zaps a wand.
The bolt of acid hits you!!!
Ouch! That really hurt!
You die...
Your body crumbles into a pile of gold.

..# #..... ..# .... ..#
... ..# Z.## ..# #$.#
.## $o## ## #$!## #
#.§§### ### +v@§..# ..#
###########vv...#.# #.#
#...#..............#
#.###.####............##
#...#<.###..........###
.............##......#
#.......##..........##
#......##........####
#................#


You could see an orc warrior (ally target) and a centaur zombie.

Vanquished Creatures
  A manticore (D:7)
  A steam dragon (D:6)
  An ice beast (D:7)
  An orc warrior (D:6)
  2 ogres (D:5)
  A sky beast (D:7)
  A phantom (D:4)
  3 centaurs
  A kobold brigand (D:6)
  5 scorpions
  3 bullfrogs
  A wyvern zombie (D:6)
  A water moccasin zombie (D:5)
  A bullfrog zombie (D:5)
  2 centaur zombies (D:5)
  5 orc priests
  A hound (D:4)
  3 jellies
  A gnoll shaman (D:5)
  An iguana (D:6)
  4 orc wizards
  A scorpion zombie (D:5)
  A hound zombie (D:5)
  A hound skeleton (D:4)
  3 gnolls (D:5)
  8 adders
  A white imp (D:6)
  2 adder skeletons
  2 worms (D:3)
  5 dart slugs
  13 orcs
  8 ball pythons
  11 endoplasms
  3 giant cockroaches
  3 hobgoblins
  A quokka (D:3)
  4 bats
  6 goblins
  12 kobolds
  4 rats
129 creatures vanquished.

Vanquished Creatures (others)
  472 foxfires
472 creatures vanquished.

Grand Total: 601 creatures vanquished

Notes
Turn   | Place    | Note
-------+----------+-------------------------------------------
     0 | D:1      | robertstho the Djinni Fire Elementalist began the quest for
                  | the Orb.
     0 | D:1      | Reached XP level 1. HP: 15/15 MP: 0/0
   223 | D:1      | Found a faded altar of an unknown god.
   270 | D:1      | Reached XP level 2. HP: 20/21 MP: 0/0
  1446 | D:2      | Reached skill level 3 in Spellcasting
  1446 | D:2      | Reached XP level 3. HP: 22/25 MP: 0/0
  1446 | D:2      | Learned a level 1 spell: Summon Small Mammal
  2778 | D:3      | Reached XP level 4. HP: 23/31 MP: 0/0
  3125 | D:3      | Reached XP level 5. HP: 27/35 MP: 0/0
  3125 | D:3      | Learned a level 2 spell: Corpse Rot
  3134 | D:3      | Reached skill level 4 in Spellcasting
  3663 | D:3      | Noticed Terence
  4547 | D:4      | Reached XP level 6. HP: 36/40 MP: 0/0
  4882 | D:4      | Reached skill level 5 in Spellcasting
  4960 | D:4      | Reached XP level 7. HP: 35/45 MP: 0/0
  4960 | D:4      | Learned a level 2 spell: Static Discharge
  5505 | D:5      | Entered Level 5 of the Dungeon
  5512 | D:5      | Reached skill level 1 in Fighting
  6226 | D:5      | Reached skill level 6 in Spellcasting
  6357 | D:5      | Reached XP level 8. HP: 47/52 MP: 0/0
  6717 | D:5      | Reached skill level 7 in Spellcasting
  7642 | D:6      | Reached XP level 9. HP: 43/58 MP: 0/0
  7642 | D:6      | Learned a level 4 spell: Cause Fear
  7719 | D:6      | Found a staircase to the Ecumenical Temple.
  7810 | Temple   | Entered the Ecumenical Temple
  8167 | Temple   | Became a worshipper of Gozag Ym Sagoz the Greedy
  8356 | D:6      | Upgraded the game from 0.28-a0-577-gb193047a1f to
                  | 0.28-a0-595-g9f6c0e134a
  8364 | D:6      | Reached skill level 8 in Spellcasting
  8846 | D:6      | Found a burning altar of Makhleb.
  9070 | D:6      | Noticed a green death
  9361 | D:7      | Noticed a manticore
 10185 | D:7      | Reached skill level 9 in Spellcasting
 10232 | D:7      | Killed a manticore
 10291 | D:7      | Killed from afar by an orc warrior

Illustrated notes

Levels and vault maps discovered:
D:1:      nzn_arrival_settlement, layout_loops_corners, basic_ecumenical_altar
D:2:      layout_loops_ring
D:3:      layout_basic, uniq_terence
D:4:      layout_gridville
D:5:      minmay_inner_zag, layout_cave_pools, kennysheep_potato
D:6:      layout_loops_ring, makhleb_altar_promises_db,
          minmay_temple_entry_ruins
D:7:      minmay_s_stair_smasher, layout_cave_pools
Temple:   minmay_crystal_snake_temple

Skill      XL: |  1  2  3  4  5  6  7  8  9 |
---------------+----------------------------+-----
Spellcasting   | 3 4 5 6 7 9 |  9.4
Stealth        | 2 3 |  3.4
Fighting       | 1 2 |  2.4
Dodging        | 3 |  3.9

Action                   |  1- 3 |  4- 6 |  7- 9 || total
-------------------------+-------+-------+-------++-------
Melee: Unarmed           |       |     1 |     2 ||     3
 Cast: Foxfire           |    82 |    77 |   128 ||   287
       Scorch            |     2 |    17 |    68 ||    87
       Summon Small Mamm |       |     3 |       ||     3
       Flame Wave        |       |       |     2 ||     2
  Use: Potion            |       |     2 |     1 ||     3
       Scroll            |       |     2 |     3 ||     5
Armor: Robe              |     3 |     3 |     5 ||    11
       Skin              |       |       |     1 ||     1
Dodge: Dodged            |    12 |    30 |    50 ||    92

Table legend: (Time is in decaauts)
 A = Elapsed time spent in this place.
 B = Non-inter-level travel time spent in this place.
 C = Inter-level travel time spent in this place.
 D = Time resting spent in this place.
 E = Time spent auto-exploring this place.
 F = Levels seen in this place.
 G = Mean time per level.
                   A        B        C        D        E       F      G
               +--------+--------+--------+--------+--------+-----+--------+
         Total |  10296 |   9635 |    661 |    656 |   8062 |   8 | 1287.0 |
       Dungeon |   9896 |   9278 |    618 |    656 |   7724 |   7 | 1413.7 |
        Temple |    399 |    357 |     42 |      0 |    338 |   1 |  399.0 |
               +--------+--------+--------+--------+--------+-----+--------+

Top non-repeatable levels by time:
     D:2: 1866 daAuts
     D:5: 1613 daAuts
     D:6: 1591 daAuts
     D:4: 1475 daAuts
     D:3: 1367 daAuts
     D:1: 1333 daAuts
     D:7: 649 daAuts
  Temple: 399 daAuts
